 Dungeon Sprint DCSS version 0.20-a0-1078-g4874019 (webtiles) character file.

28 tinyrick the Covered (level 3, -5/30 HPs)
             Began as a Formicid Fighter on May 1, 2017.
             Slain by a yak (12 damage)
             ... in the Dungeon (Sprint I: "Red Sonja").
             The game lasted 00:00:38 (286 turns).

tinyrick the Covered (Formicid Fighter)              Turns: 286, Time: 00:00:39

Health: -5/30      AC:  7    Str: 21    XL:     3   Next: 30%
Magic:  3/3        EV:  8    Int:  7    God:
Gold:   54         SH:  9    Dex: 10    Spells: 2/2 levels left

rFire    . . .     SeeInvis +   a - +0 trident
rCold    . . .     Gourm    .   c - +0 shield
rNeg     . . .     Faith    .   b - +0 scale mail
rPois    .         Spirit   .   (helmet unavailable)
rElec    .         Reflect  .   (no cloak)
rCorr    .         Harm     .   (no gloves)
MR       .....                  (no boots)
Stlth    ..........             (no amulet)
Regen    0.1/turn               (no ring)
MPRegen  0.1/turn               (no ring)

@: no status effects
A: permanent stasis, dig shafts and tunnels, four strong arms, antennae 3
a: Dig


You were in the Dungeon.
You were not hungry.

You visited 1 branch You collected 54 gold pieces.

Inventory:

Hand Weapons
 a - a +0 trident (weapon)
Armour
 b - a +0 scale mail (worn)
 c - a +0 shield (worn)
Scrolls
 k - a scroll of blinking
Potions
 d - a potion of might
 e - a potion of curing
 g - a potion of heal wounds
 h - a potion of haste
 i - 2 potions of magic
 j - a potion of berserk rage
Comestibles
 f - a bread ration


   Skills:
 + Level 4.2 Fighting
 * Level 2.9 Polearms
 + Level 5.0 Armour
 + Level 0.3 Dodging
 * Level 2.3 Stealth
 + Level 4.8 Shields


You had 2 spell levels left.
You didn't know any spells.

Dungeon Overview and Level Annotations

Branches:
Dungeon (1/1)

Altars:
Cheibriados
Dithmenos
Elyvilon
Fedhas
Gozag
Hepliaklqana
Kikubaaqudgha
Nemelex Xobeh
Okawaru
Qazlal
Ru
Trog
Uskayaw
Yredelemnul
Zin
The Shining One

Shops:
D ?


Innate Abilities, Weirdness & Mutations

You cannot be hasted, slowed, berserked, paralysed or teleported.
You can dig through walls and to a lower floor.
Your four strong arms can wield two-handed weapons with a shield.
You have a pair of large antennae on your head. (SInv)


Message History

There is a basalt altar of Yredelemnul here.
You hit the yak but do no damage. The yak gores you!
You hit the yak but do no damage. The yak gores you.
The yak gores you but does no damage.
You hit the yak.
The yak is lightly wounded.
You block the yak's attack.
You barely miss the yak.
The yak is lightly wounded.
The yak gores you.
You hit the yak.
The yak is lightly wounded.
The yak gores you.
* * * LOW HITPOINT WARNING * * *
There is a basalt altar of Yredelemnul here.
There is a fountain of clear blue water here.
You closely miss the yak.
The yak is lightly wounded.
The yak gores you!
You die...

#######
#<.#..+ {
#..[..# {
#..####
#..####
#..#__####
#.@#_____##
#⌠Y#_.∩...+
#.#._..__#
#..#_____#
##########
{ { {


You could see a yak.

Vanquished Creatures
  Ijyb (D)
1 creature vanquished.

Vanquished Creatures (others)
  A gargoyle (D)
1 creature vanquished.

Grand Total: 2 creatures vanquished

Notes
Turn   | Place    | Note
-------+----------+-------------------------------------------
     0 | D        | tinyrick the Formicid Fighter began the quest for the Orb.
     0 | D        | Reached XP level 1. HP: 18/18 MP: 1/1
     1 | D        | Noticed Ijyb
    35 | D        | Killed Ijyb
    35 | D        | Reached skill level 5 in Armour
    35 | D        | Reached XP level 2. HP: 14/25 MP: 2/2
    35 | D        | Reached XP level 3. HP: 17/30 MP: 3/3
   128 | D        | Killed a gargoyle
   274 | D        | Found a basalt altar of Yredelemnul.
   274 | D        | Found a hide-covered altar of Uskayaw.
   274 | D        | Found a hazy altar of Hepliaklqana.
   274 | D        | Found a shadowy altar of Dithmenos.
   274 | D        | Found an ancient bone altar of Kikubaaqudgha.
   274 | D        | Found a sacrificial altar of Ru.
   274 | D        | Found a snail-covered altar of Cheibriados.
   274 | D        | Found Roedocog's Magic Scroll Emporium.
   274 | D        | Found an opulent altar of Gozag.
   274 | D        | Found a sparkling altar of Nemelex Xobeh.
   274 | D        | Found a glowing golden altar of the Shining One.
   274 | D        | Found an iron altar of Okawaru.
   274 | D        | Found a bloodstained altar of Trog.
   274 | D        | Found a blossoming altar of Fedhas.
   274 | D        | Found a stormy altar of Qazlal.
   274 | D        | Found a white marble altar of Elyvilon.
   274 | D        | Found a glowing silver altar of Zin.
   274 | D        | Noticed a yak
   286 | D        | Slain by a yak

Vault maps used:
D:        dungeon_sprint_1

Skill      XL: |  1 |
---------------+----+-----
Fighting       | 4 |  4.2
Armour         | 5 |  5.0
Stealth        | 2 |  2.3
Shields        | 4 |  4.8
Polearms       | |  2.9
Dodging        | |  0.3

Action                   || total
-------------------------++-------
Melee: Trident           ||    40
 Abil: Dig               ||     2
Armor: Scale mail        ||    16
Dodge: Dodged            ||     6
Block: Shield            ||    15
